 Dungeon Crawl Stone Soup version 0.26.1-15-g04117e645d (webtiles) character file.

Game seed: 10154229536272053989

36491 Froggeryz the Convoker (level 13, -15/57 HPs)
             Began as a Felid Summoner on Mar 8, 2022.
             Was an Initiate of Gozag.
             Killed from afar by a shock serpent (17 damage)
             ... with a bolt of electricity
             ... on level 3 of the Snake Pit on Mar 10, 2022.
             The game lasted 02:03:11 (44301 turns).

Froggeryz the Convoker (Felid Summoner)            Turns: 44301, Time: 02:03:12

Health: -15/57     AC:  3    Str:  4    XL:     13   Next: 53%
Magic:  21/35      EV: 25    Int: 21    God:    Gozag
Gold:   2717       SH:  5    Dex: 22    Spells: 5/28 levels left
                                        Lives:  0   Deaths: 3

rFire    . . .     SeeInvis +     - Unarmed
rCold    + . .     Faith    .   (shield unavailable)
rNeg     . . .     Spirit   .   (armour unavailable)
rPois    +         Reflect  +   (helmet unavailable)
rElec    .         Harm     .   (cloak unavailable)
rCorr    .         Rampage  .   (gloves unavailable)
Will     +....                  (boots unavailable)
Stlth    ++++......             h - amulet of reflection
HPRegen  0.19/turn              p - ring of the Endless Expanse {rPois Dex+5}
MPRegen  0.24/turn              q - ring of magical power

@: quick
A: very small, no armour, no weapons or thrown items, stealth, claws 1, fangs 3,
see invisible, speed 1, shaggy fur 3, sharp paws
a: Renounce Religion, Potion Petition, Call Merchant, Bribe Branch


You were on level 3 of the Snake Pit.
You worshipped Gozag.
Gozag was most pleased with you.
You visited 5 branches of the dungeon, and saw 26 of its levels.
You visited 1 bazaar.
You also visited: Ossuary and Gauntlet.

You collected 8987 gold pieces.
You spent 3199 gold pieces at shops.
You paid 3071 gold pieces to Gozag.

Inventory:

Jewellery
 b - an uncursed ring of wizardry
 e - an uncursed ring of protection from fire
 h - an amulet of reflection (around neck)
 p - the ring of the Endless Expanse (left paw) {rPois Dex+5}
   (You found it on level 10 of the Dungeon)

   [ring of poison resistance]

   It affects your dexterity (+5).
   It protects you from poison.
 q - a ring of magical power (right paw)
 r - an uncursed ring of resist corrosion
 y - an uncursed ring of flight
 A - an uncursed ring of ice
 D - the ring "Kikuek" {AC+4 Dex+3}
   (You bought it in a shop on level 6 of the Dungeon)

   [ring of protection]

   It affects your AC (+4).
   It affects your dexterity (+3).
 E - an uncursed amulet of the acrobat
Wands
 j - a wand of flame (29)
 t - a wand of paralysis (33)
 B - a wand of acid (19)
 N - a wand of iceblast (11)
Scrolls
 c - 15 scrolls of remove curse
 d - 6 scrolls of magic mapping
 g - 6 scrolls of amnesia
 m - 7 scrolls of teleportation
 o - 5 scrolls of fog
 z - 4 scrolls of identify
 C - 4 scrolls of immolation
 F - a scroll of silence
 G - a scroll of acquirement {unknown}
 M - 3 scrolls of blinking
Potions
 a - a potion of resistance
 f - a potion of haste
 i - 7 potions of curing
 k - 7 potions of flight
 l - 6 potions of attraction
 n - 2 potions of ambrosia
 u - 2 potions of might
 v - a potion of berserk rage
 w - 5 potions of mutation
 x - 5 potions of magic
 L - a potion of cancellation
Miscellaneous
 s - a phial of floods
 H - a phantom mirror


   Skills:
 - Level 7.0 Fighting
 - Level 8.0 Dodging
 - Level 4.5 Stealth
 - Level 9.0 Unarmed Combat
 - Level 8.0 Spellcasting
 * Level 12.8 Hexes
 + Level 16.1 Summonings
 - Level 10.0 Translocations
 - Level 7.0 Air Magic


You had 5 spell levels left.
You knew the following spells:

 Your Spells              Type           Power        Failure   Level
a - Summon Small Mammal   Summ           100%         0%          1
b - Call Imp              Summ           66%          0%          2
c - Call Canine Familiar  Summ           66%          1%          3
d - Summon Guardian Gole  Hex/Summ       62%          1%          3
e - Summon Lightning Spi  Summ/Air       54%          1%          4
f - Summon Forest         Summ/Tloc      29%          1%          5
g - Summon Mana Viper     Hex/Summ       62%          1%          5

Your spell library contained the following spells:

 Spells                   Type           Power        Failure   Level
 Apportation              Tloc           100%         1%          1
 Corona                   Hex            64%          1%          1
 Summon Demon             Summ           33%          1%          5
 Corpse Rot               Necr/Air       N/A          2%          2
 Poisonous Vapours        Pois/Air       46%          2%          2
 Summon Ice Beast         Ice/Summ       42%          2%          4
 Leda's Liquefaction      Hex/Erth       17%          5%          4
 Animate Skeleton         Necr           16%          8%          1
 Beastly Appendage        Tmut           16%          8%          1
 Pain                     Necr           32%          8%          1
 Sting                    Tmut/Pois      32%          8%          1
 Mephitic Cloud           Conj/Pois/Air  18%          9%          3
 Wereblood                Tmut           8%           12%         2
 Conjure Flame            Conj/Fire      8%           24%         3
 Spider Form              Tmut/Pois      4%           24%         3
 Stone Arrow              Conj/Erth      16%          24%         3
 Vampiric Draining        Necr           4%           24%         3
 Animate Dead             Necr           4%           61%         4
 Ice Form                 Ice/Tmut       8%           61%         4
 Agony                    Necr           8%           91%         5
 Blade Hands              Tmut           4%           91%         5
 Irradiate                Conj/Tmut      4%           91%         5
 Shadow Creatures         Summ           N/A          1%          6
 Summon Hydra             Summ           33%          9%          7
 Freezing Cloud           Conj/Ice/Air   9%           99%         6
 Eringya's Noxious Bog    Tmut/Pois      4%           100%        6
 Hydra Form               Tmut           4%           100%        6
 Statue Form              Tmut/Erth      5%           100%        6
 Dragon Form              Tmut           4%           100%        7


Dungeon Overview and Level Annotations

Branches:
Dungeon (14/15)            Temple (1/1) D:6            Lair (6/6) D:8
 Shoals (0/4) Lair:3        Snake (3/4) Lair:4        Slime (0/5) Lair:5
    Orc (2/2) D:12            Elf (0/3) Orc:2       Ossuary (visited)
Gauntlet (visited)
 Vaults: D:13-14

Altars:
Ashenzari
Cheibriados
Dithmenos
Elyvilon
Fedhas
Gozag
Hepliaklqana
Kikubaaqudgha
Makhleb
Nemelex Xobeh
Okawaru
Qazlal
Ru
Sif Muna
Trog
Uskayaw
Vehumet
Wu Jian
Xom
Yredelemnul
Zin
The Shining One
Jiyva

Shops:
D:6 =   D:7 =   D:8 [   D:11 }   Orc:1 :   Orc:2 =*([   Lair:3 :   Lair:6 :

Portals:
Trove: D:13 (give horn of Geryon)

Annotations:
D:14 Agnes; Azrael
Lair:1 exclusion: electric eel
Lair:3 1 runed translucent door
Lair:4 1 runed translucent door, Fifowuza's ghost, journeyman DrTm
Lair:6 exclusion: 5 oklob plants
Snake:2 3 runed translucent doors, Tohio's ghost, adept VSFi
Orc:1 2 transporters, Sensen's ghost, novice MiBe


Innate Abilities, Weirdness & Mutations

You cannot wear armour.
You are incapable of wielding weapons or throwing items.
Your paws allow you to move quietly. (Stealth)
You have sharp claws.
You have razor-sharp teeth.
You have supernaturally acute eyesight. (SInv)
You cover ground quickly.
Your thick and shaggy fur keeps you warm. (AC +3, rC+)
Your sharp claws are effective at attacking unaware monsters.


Message History

Your dryad calls out to the forest.
The forest starts to sway and rumble!
The shock serpent shoots out a bolt of lightning at you!
The bolt of electricity misses your mana viper.
The bolt of electricity hits you!! The bolt of electricity hits you!
The naga hits your mana viper with a +1 mace of protection!
The naga barely misses your mana viper.
Your mana viper bites the naga!
The shock serpent bites your mana viper!!
The shock serpent shocks your mana viper!
Your mana viper barely misses the naga.
You feel better.
A root smacks the naga from below!
Your mana viper closely misses the naga.
The shock serpent shoots out a bolt of lightning at you!
The bolt of electricity hits your mana viper!!
Your mana viper dies!
The bolt of electricity hits you!!
* * * LOW HITPOINT WARNING * * *
The bolt of electricity hits you!
You die...
Your body crumbles into a pile of gold.

##........#######.........
#.......###..##.#.........
#.......#..#....#....####'
##......)#.......##...#..#.
###.......('........#...#....
#.........)#......#.#...#####
##....♣....##..#..#.#...#..#.
##.........#♣♣#♣#♣## #..#.
#.........@....... #.#..
#...♣............. ###<.
#.........R....... ##...
#.............♣... #....
##.......S........ #....
##....SN.......♣♣ #####
#.....#♣##♣♣♣#♣# #...
.......' ##.. #.......#. #..#


You could see a shock serpent, a naga (unaware, catching breath), a friendly
dryad (summoned) and a friendly mana viper (summoned).

Vanquished Creatures
  A hydra (Lair:1)
  A wizard (D:14)
  3 black mambas
  A centaur zombie (D:14)
  A troll (Orc:1)
  A slime creature (D:14)
  A human (D:13)
  A yak (D:11)
  A naga (Snake:3)
  A hell hound (Gauntlet)
  A water moccasin (Lair:3)
  3 orc warriors (Orc:1)
  A necrophage (D:14)
  A big kobold (shapeshifter) (D:14)
  A big kobold (D:11)
  3 bullfrogs
  2 wights (D:12)
  3 electric eels
  2 centaur skeletons
  An orc priest (D:13)
  A bullfrog skeleton (D:11)
  2 orc wizards
  A worker ant (D:14)
  A hound skeleton (D:10)
  3 adders
  A shadow imp (D:10)
  10 orcs
  2 goblins (D:3)
  7 kobolds
  A quokka (D:12)
  3 bats
  A butterfly (Lair:6)
63 creatures vanquished.

Vanquished Creatures (collateral kills)
  Rupert (D:13)
  Kirke (D:13)
  A minotaur (Gauntlet)
  Snorg (D:14)
  An ogre mage (D:14)
  5 naga warriors
  A great orb of eyes (Gauntlet)
  A boulder beetle (D:14)
  10 hydras
  A death knight (D:14)
  2 catoblepae (Lair:6)
  7 anacondas
  5 two-headed ogres
  2 centaur warriors
  A deep troll shaman (Lair:6)
  2 tengu warriors
  Urug (D:13)
  2 orc high priests (Orc:1)
  7 naga sharpshooters
  A shock serpent (Snake:2)
  6 death yaks
  Sonja (D:13)
  A fire crab (Gauntlet)
  A salamander mystic (Snake:3)
  2 lindwurms (Lair:6)
  4 unseen horrors
  4 naga ritualists
  2 orc knights
  8 orc sorcerers
  5 mana vipers
  7 salamanders
  A worldbinder (Gauntlet)
  3 cyclopes
  3 ugly things
  A manticore (D:13)
  5 elephants (Lair:6)
  Psyche (D:11)
  A guardian serpent (Snake:3)
  4 naga magi
  16 black mambas
  9 cane toads
  A torpor snail (Lair:5)
  2 rime drakes
  A redback zombie (D:14)
  9 komodo dragons
  5 trolls
  2 tengu conjurers (Gauntlet)
  A polar bear (Lair:3)
  14 slime creatures
  13 blink frogs
  A shadow (D:12)
  3 fire elementals (D:13)
  2 wraiths
  36 yaks
  5 wyverns
  A hog (D:13)
  A vampire mosquito (D:14)
  3 basilisks
  3 fire bats (Gauntlet)
  22 nagas
  A steam dragon (Lair:2)
  Menkaure (D:4)
  4 wargs
  12 water moccasins
  4 hell hounds
  28 orc warriors
  2 ice beasts (D:9)
  4 sky beasts
  4 black bears
  An eye of draining (D:14)
  2 phantoms
  19 wolves
  11 centaurs
  12 ogres
  A necrophage (D:10)
  A boggart (Gauntlet)
  5 elf zombies (Ossuary)
  2 big kobolds
  15 bullfrogs
  A gnoll sergeant (D:11)
  A wyvern skeleton (D:10)
  4 scorpions
  11 wights
  7 howler monkeys
  3 quasits
  3 bullfrog skeletons
  8 centaur zombies
  2 human zombies (Ossuary)
  16 orc priests
  Crazy Yiuf (D:5)
  4 hounds
  Terence (D:3)
  6 iguanas
  16 worker ants
  Natasha (thrice) (D:2)
  27 orc wizards
  A hound zombie (D:6)
  A hound skeleton (D:9)
  2 mummies (Ossuary)
  A worker ant zombie (D:5)
  12 adders
  9 gnolls
  4 shadow imps
  3 oozes
  3 adder skeletons
  2 worms
  2 dart slugs
  6 leopard geckos
  50 orcs
  2 bats (D:2)
  7 giant cockroaches
  4 goblins (D:1)
  4 hobgoblins
  6 jackals
  22 kobolds
  3 quokkas
  A ball python (D:3)
  5 frilled lizards
  8 rats
  A spectral orc (D:3)
665 creatures vanquished.

Vanquished Creatures (others)
  An orc warlord (Orc:2)
  3 hydras
  A naga warrior (Snake:3)
  3 anacondas
  2 two-headed ogres
  4 death yaks
  A shock serpent (Snake:3)
  Pikel (D:5)
  A mana viper (shapeshifter) (D:13)
  An elephant (Lair:6)
  A manticore (D:13)
  A black mamba (Snake:3)
  A torpor snail (Lair:4)
  A cane toad (Lair:1)
  2 komodo dragons
  A meliai zombie (D:13)
  8 yaks
  A human (D:13)
  A basilisk (Lair:6)
  A naga (Snake:3)
  A water moccasin (Lair:6)
  2 orc warriors
  3 centaurs
  2 wolves
  A big kobold (D:10)
  A quasit (D:10)
  A human zombie (Ossuary)
  2 orc priests
  An orc wizard (Orc:1)
  A mummy (Ossuary)
  3 orcs
  A kobold (D:14)
  A butterfly (Lair:6)
  56 fungi
  58 plants
  6 snaplasher vines
  6 toadstools (Lair:3)
  3 withered plants (D:5)
185 creatures vanquished.

Grand Total: 913 creatures vanquished

Notes
Turn   | Place    | Note
-------+----------+-------------------------------------------
     0 | D:1      | Froggeryz the Felid Summoner began the quest for the Orb.
     0 | D:1      | Reached XP level 1. HP: 7/7 MP: 4/4
   424 | D:1      | Reached XP level 2. HP: 11/11 MP: 3/6
  1337 | D:2      | Learned a level 2 spell: Call Imp
  1466 | D:2      | Noticed Natasha
  1582 | D:2      | Noticed a crimson imp
  1590 | D:2      | Killed Natasha
  1591 | D:2      | Reached XP level 3. HP: 14/14 MP: 5/8
  1681 | D:2      | Found a shimmering blue altar of Sif Muna.
  1694 | D:2      | Noticed Natasha
  1715 | D:2      | Killed Natasha
  2328 | D:2      | Reached XP level 4. HP: 18/18 MP: 6/9
  2417 | D:2      | Noticed Natasha
  2428 | D:2      | Killed Natasha
  2521 | D:2      | Reached skill level 5 in Summonings
  2562 | D:2      | Learned a level 3 spell: Call Canine Familiar
  2926 | D:3      | Noticed Terence
  2952 | D:3      | Killed Terence
  3335 | D:3      | Found a sparkling altar of Nemelex Xobeh.
  3396 | D:3      | Found a white marble altar of Elyvilon.
  3400 | D:3      | Found a hide-covered altar of Uskayaw.
  3781 | D:3      | Found a basalt altar of Yredelemnul.
  4007 | D:4      | Reached XP level 5. HP: 13/21 MP: 2/10
  4273 | D:4      | Reached skill level 6 in Summonings
  4432 | D:4      | Found the +2 robe of Vines {NoPotionHeal Regen+7}
  4502 | D:4      | Noticed Menkaure
  4519 | D:4      | Killed from afar by Menkaure
  4520 | D:4      | Reached XP level 4. HP: -9/18 MP: 6/9
  4757 | D:4      | Noticed a phantom
  4810 | D:4      | Killed a phantom
  4811 | D:4      | Reached XP level 5. HP: 10/21 MP: 2/10
  5310 | D:4      | Found a radiant altar of Vehumet.
  5591 | D:4      | Killed Menkaure
  5592 | D:4      | Reached skill level 7 in Summonings
  5811 | D:4      | Noticed an ogre
  5824 | D:4      | Killed an ogre
  5825 | D:4      | Gained mutation: You are covered in thick fur. (AC +2)
                  | [Felid growth]
  5825 | D:4      | Reached XP level 6. HP: 24/24 MP: 6/11
  5961 | D:5      | Entered Level 5 of the Dungeon
  6135 | D:5      | Learned a level 3 spell: Summon Guardian Golem
  6227 | D:5      | Reached skill level 1 in Hexes
  6341 | D:5      | Noticed a sky beast
  6360 | D:5      | Killed a sky beast
  6540 | D:5      | Reached XP level 7. HP: 27/27 MP: 12/12
  6545 | D:5      | Reached skill level 8 in Summonings
  6699 | D:5      | Noticed Pikel
  6792 | D:5      | Killed Pikel
  6896 | D:5      | Found an ancient bone altar of Kikubaaqudgha.
  7253 | D:5      | Found a runed translucent door.
  7254 | D:5      | Noticed Crazy Yiuf
  7430 | D:5      | Killed Crazy Yiuf
  7636 | D:6      | Reached XP level 8. HP: 31/31 MP: 7/13
  8187 | D:6      | Reached skill level 1 in Fighting
  8333 | D:6      | Found a staircase to the Ecumenical Temple.
  8539 | Temple   | Entered the Ecumenical Temple
  8764 | D:6      | Found Zoyjih's Jewellery Emporium.
  9416 | D:7      | Found a hazy altar of Hepliaklqana.
  9443 | D:7      | Reached skill level 9 in Summonings
  9527 | D:7      | Found an opulent altar of Gozag.
  9533 | D:7      | Became a worshipper of Gozag Ym Sagoz the Greedy
  9539 | D:7      | Found a glowing silver altar of Zin.
  9618 | D:7      | Found Wusutep's Jewellery Shop.
  9905 | D:7      | Bought a cursed amulet of inaccuracy for 22 gold pieces
 10004 | D:7      | You fall into a shaft and drop 1 floor!
 10471 | D:8      | Found a sand-covered staircase.
 10476 | Ossuary  | Entered an ossuary
 11011 | Ossuary  | Reached XP level 9. HP: 39/39 MP: 16/16
 11413 | D:8      | Learned a level 4 spell: Summon Lightning Spire
 11464 | D:8      | Found Boshreaps's Antique Armour Shop.
 11858 | D:8      | Found a staircase to the Lair.
 12219 | D:7      | Reached skill level 1 in Air Magic
 12472 | D:9      | Reached skill level 10 in Summonings
 12525 | D:6      | Bought the ring "Kikuek" {AC+4 Dex+3} for 690 gold pieces
 12586 | Lair:1   | Entered Level 1 of the Lair of Beasts
 12678 | D:8      | Reached skill level 5 in Fighting
 13048 | Lair:1   | Noticed an eight-headed hydra
 13150 | Lair:1   | HP: 2/41 [eight-headed hydra (3)]
 13437 | Lair:1   | Killed an eight-headed hydra
 14403 | Lair:1   | Reached skill level 5 in Air Magic
 14410 | Lair:1   | Reached XP level 10. HP: 47/47 MP: 17/17
 14411 | Lair:1   | Noticed a cane toad
 14436 | Lair:1   | Killed a cane toad
 14454 | Lair:1   | Noticed a four-headed hydra
 14475 | Lair:1   | Killed a four-headed hydra
 15091 | Lair:2   | Noticed an eight-headed hydra
 15337 | Lair:2   | Killed an eight-headed hydra
 15473 | Lair:2   | Found a glowing golden altar of the Shining One.
 16342 | Lair:3   | Noticed a seven-headed hydra
 16422 | Lair:3   | Found a staircase to the Shoals.
 16431 | Lair:3   | Noticed a cane toad
 16447 | Lair:3   | Killed a cane toad
 16558 | Lair:3   | Noticed a cane toad
 16562 | Lair:3   | Reached skill level 5 in Spellcasting
 16565 | Lair:3   | Killed a cane toad
 16648 | Lair:3   | Noticed a five-headed hydra
 16653 | Lair:3   | Reached skill level 11 in Summonings
 16665 | Lair:3   | Killed a five-headed hydra
 16819 | Lair:3   | Noticed a dire elephant
 16819 | Lair:3   | Noticed a catoblepas
 16832 | Lair:3   | Noticed an elephant
 16840 | Lair:3   | Found a runed translucent door.
 17060 | Lair:3   | Killed a seven-headed hydra
 17618 | Lair:4   | Noticed a cane toad
 17618 | Lair:4   | Noticed a seven-headed hydra
 17621 | Lair:4   | Noticed a cane toad
 17625 | Lair:4   | Killed a seven-headed hydra
 17626 | Lair:4   | Reached XP level 11. HP: 50/50 MP: 19/20
 18433 | Lair:4   | Noticed Fifowuza's ghost (journeyman DrTm)
 18457 | Lair:4   | Found a runed translucent door.
 18525 | Lair:4   | Reached skill level 12 in Summonings
 18954 | Lair:4   | Noticed a death yak
 18954 | Lair:4   | Noticed a death yak
 18955 | Lair:4   | Found a staircase to the Snake Pit.
 18955 | Lair:4   | Noticed a death yak
 18955 | Lair:4   | Noticed a death yak
 18955 | Lair:4   | Noticed a death yak
 18955 | Lair:4   | Noticed a death yak
 18982 | Lair:4   | Killed a death yak
 19073 | Lair:4   | Killed a death yak
 19135 | Lair:4   | Killed a death yak
 19514 | Lair:4   | Killed a death yak
 19523 | Lair:4   | Killed a death yak
 19526 | Lair:4   | Killed a death yak
 19963 | Lair:5   | Reached skill level 5 in Dodging
 19973 | Lair:5   | Found a staircase to the Slime Pits.
 19973 | Lair:5   | Found a viscous altar of Jiyva.
 20353 | Lair:5   | Noticed an eight-headed hydra
 20353 | Lair:5   | Noticed an eight-headed hydra
 20367 | Lair:5   | Killed an eight-headed hydra
 20388 | Lair:5   | Killed an eight-headed hydra
 20742 | Lair:5   | Noticed a five-headed hydra
 20764 | Lair:5   | Killed a five-headed hydra
 21061 | Lair:5   | Noticed a death yak
 21079 | Lair:5   | Reached skill level 13 in Summonings
 21107 | Lair:5   | Killed a death yak
 21461 | Lair:5   | Noticed a seven-headed hydra
 21476 | Lair:5   | Killed a seven-headed hydra
 21577 | Lair:6   | Entered Level 6 of the Lair of Beasts
 21630 | Lair:6   | Noticed a six-headed hydra
 21640 | Lair:6   | Killed a six-headed hydra
 21724 | Lair:6   | Gained mutation: Your thick and shaggy fur keeps you warm.
                  | (AC +3, rC+) [Felid growth]
 21724 | Lair:6   | Reached XP level 12. HP: 54/54 MP: 24/24
 21781 | Lair:6   | Noticed a seven-headed hydra
 21795 | Lair:6   | Noticed a catoblepas
 21824 | Lair:6   | Killed a seven-headed hydra
 21839 | Lair:6   | Killed a catoblepas
 23033 | Lair:6   | Reached skill level 1 in Unarmed Combat
 23076 | Lair:6   | Noticed a catoblepas
 23076 | Lair:6   | Noticed a death yak
 23076 | Lair:6   | Noticed a death yak
 23094 | Lair:6   | Noticed a death yak
 23112 | Lair:6   | Killed a death yak
 23406 | Lair:6   | Reached skill level 14 in Summonings
 23647 | Lair:6   | Killed a catoblepas
 23652 | Lair:6   | Killed a death yak
 23656 | Lair:6   | Killed a death yak
 23739 | Lair:6   | Noticed a deep troll shaman
 23743 | Lair:6   | Killed a deep troll shaman
 24177 | D:9      | Noticed a two-headed ogre
 24209 | D:9      | Killed a two-headed ogre
 24671 | Lair:6   | Bought a Fen Folio for 1050 gold pieces
 24677 | Lair:6   | Learned a level 5 spell: Summon Forest
 25099 | D:9      | Reached skill level 1 in Translocations
 25433 | D:10     | Entered Level 10 of the Dungeon
 25957 | D:10     | Noticed a two-headed ogre
 25971 | D:10     | Killed a two-headed ogre
 26195 | D:10     | Got a scintillating brass ring
 26587 | D:11     | Found an iron altar of Okawaru.
 26783 | D:11     | Noticed a two-headed ogre
 26805 | D:11     | Killed a two-headed ogre
 26806 | D:11     | Reached skill level 5 in Translocations
 26921 | D:11     | Found Rugiu's Gadget Boutique.
 26984 | D:11     | Reached skill level 5 in Unarmed Combat
 27233 | D:11     | Noticed Psyche
 27254 | D:11     | Killed Psyche
 27695 | D:11     | Found a flickering gateway to a bazaar.
 27709 | Bazaar   | Entered a bazaar
 27709 | Bazaar   | Found Pag Yrr's Distillery.
 27709 | Bazaar   | Found Ampiblo's General Store.
 27727 | Bazaar   | Found Olunioc's Gadget Boutique.
 27746 | Bazaar   | Found Imnait's Antique Weapon Shoppe.
 27757 | Bazaar   | Found Soveecon's Antique Armour Boutique.
 27776 | Bazaar   | Bought 2 potions of curing for 54 gold pieces
 27784 | Bazaar   | Bought a potion of heal wounds for 65 gold pieces
 27784 | Bazaar   | Bought 2 potions of heal wounds for 130 gold pieces
 27784 | Bazaar   | Bought a potion of mutation for 104 gold pieces
 27784 | Bazaar   | Bought a potion of curing for 39 gold pieces
 27784 | Bazaar   | Bought a potion of berserk rage for 65 gold pieces
 28091 | D:12     | Reached XP level 13. HP: 29/57 MP: 12/26
 28318 | D:12     | Found a gate leading to a gauntlet.
 28323 | Gauntlet | Entered a Gauntlet
 28323 | Gauntlet | Found a transporter.
 28330 | Gauntlet | Found a transporter.
 28333 | Gauntlet | Found a transporter.
 28335 | Gauntlet | Found a transporter.
 28342 | Gauntlet | Found a transporter.
 28345 | Gauntlet | Found a transporter.
 28346 | Gauntlet | Found a transporter.
 28354 | Gauntlet | Found a transporter.
 28357 | Gauntlet | Found a transporter.
 28358 | Gauntlet | Found a transporter.
 28362 | Gauntlet | Found a runed translucent door.
 28362 | Gauntlet | Found a runed translucent door.
 28366 | Gauntlet | Found a transporter.
 28369 | Gauntlet | Found a transporter.
 28370 | Gauntlet | Found a transporter.
 28376 | Gauntlet | Noticed a dire elephant
 28381 | Gauntlet | Found a transporter.
 29144 | Gauntlet | Noticed a minotaur
 29168 | Gauntlet | Killed a minotaur
 29213 | Gauntlet | Found the +4 Cigotuvi's embrace {rMiasma *Drain rN+}
 29232 | Gauntlet | Identified the Catalogue of Changing and Stones
 29430 | D:12     | Found a staircase to the Orcish Mines.
 29808 | D:12     | Found a stormy altar of Qazlal.
 30204 | D:13     | Reached skill level 10 in Translocations
 30213 | D:13     | Noticed Kirke
 30246 | D:13     | Killed Kirke
 30327 | D:13     | Identified the ring of the Endless Expanse {rPois Dex+5}
                  | (You found it on level 10 of the Dungeon)
 30936 | D:13     | Noticed Sonja
 30946 | D:13     | Killed Sonja
 31102 | D:13     | Noticed Urug
 31114 | D:13     | Killed Urug
 31121 | D:13     | Noticed Rupert
 31136 | D:13     | Killed Rupert
 31463 | D:13     | Found a portal to a secret trove of treasure.
 31747 | D:14     | Noticed Azrael
 31767 | D:14     | Noticed Snorg
 31776 | D:14     | Killed Snorg
 32382 | D:14     | Noticed Agnes
 33505 | D:14     | Killed from afar by Azrael
 33506 | D:14     | Reached XP level 12. HP: -1/54 MP: 25/25
 33661 | D:14     | Noticed a boulder beetle
 33673 | D:14     | Killed a boulder beetle
 33683 | D:14     | Noticed a centaur warrior
 33704 | D:14     | Killed a centaur warrior
 33972 | D:14     | Noticed a death knight
 33991 | D:14     | Killed a death knight
 34003 | D:14     | Noticed a two-headed ogre
 34019 | D:14     | Killed a two-headed ogre
 34087 | D:14     | Noticed a boulder beetle
 34205 | Orc:1    | Entered Level 1 of the Orcish Mines
 34325 | Orc:1    | Noticed an orc high priest
 34350 | Orc:1    | Slain by an orc warrior
 34351 | Orc:1    | Reached XP level 11. HP: -4/50 MP: 18/24
 34356 | Orc:1    | Reached skill level 15 in Summonings
 34700 | Orc:1    | Noticed Sensen's ghost (novice MiBe)
 34709 | Orc:1    | Reached XP level 12. HP: 54/54 MP: 25/25
 34732 | Orc:1    | Found a transporter.
 34756 | Orc:1    | Noticed an orc high priest
 34782 | Orc:1    | Killed an orc high priest
 34967 | Orc:1    | Found a transporter.
 34974 | Orc:1    | Found the +2 shield of Resistance {rF++ rC++ Will++}
 35020 | Orc:1    | Killed an orc high priest
 35313 | Orc:2    | Entered Level 2 of the Orcish Mines
 35763 | Orc:2    | Noticed an orc warlord
 35802 | Orc:2    | Killed an orc warlord
 36146 | Orc:1    | Bought a book of Summonings for 980 gold pieces
 36153 | Orc:1    | Learned a level 5 spell: Summon Mana Viper
 36764 | Orc:2    | Found a staircase to the Elven Halls.
 36795 | Orc:2    | Found a burning altar of Makhleb.
 37073 | Orc:2    | Found Qaliocs's General Store.
 37079 | Orc:2    | Found Boekh's Jewellery Boutique.
 37160 | Orc:2    | Found Naqesusm's Antique Weapon Shop.
 37182 | Orc:2    | Found Okekudgh's Antique Armour Shoppe.
 38245 | Snake:1  | Entered Level 1 of the Snake Pit
 38982 | Snake:1  | Noticed an anaconda
 39011 | Snake:1  | Killed an anaconda
 39186 | Snake:1  | Noticed an anaconda
 39195 | Snake:1  | Killed an anaconda
 39752 | Snake:1  | Noticed an anaconda
 39767 | Snake:1  | Killed an anaconda
 40431 | Snake:2  | Noticed a naga warrior
 40438 | Snake:2  | Killed a naga warrior
 40452 | Snake:2  | Noticed a naga warrior
 40470 | Snake:2  | Killed a naga warrior
 40776 | Snake:2  | Noticed a naga warrior
 40791 | Snake:2  | Killed a naga warrior
 40792 | Snake:2  | Reached skill level 10 in Hexes
 40956 | Snake:2  | Found a runed translucent gate.
 40956 | Snake:2  | Found a runed translucent gate.
 40956 | Snake:2  | Found a runed translucent gate.
 40957 | Snake:2  | Noticed Tohio's ghost (adept VSFi)
 40972 | Snake:2  | Noticed an anaconda
 40982 | Snake:2  | Reached XP level 13. HP: 40/57 MP: 14/26
 42595 | Snake:3  | Reached skill level 16 in Summonings
 44301 | Snake:3  | HP: 2/57 [shock serpent/bolt of electricity (28)]
 44301 | Snake:3  | Killed from afar by a shock serpent

Illustrated notes

Levels and vault maps discovered:
D:1:      dpeg_arrival_rhombus, layout_loops_ring
D:2:      layout_loops_cross, lemuel_crystal_altar, uniq_natasha
D:3:      layout_basic, yredelemnul_forgotten_temple_becter,
          grunt_temple_overflow_open, uniq_terence
D:4:      layout_basic, kennysheep_mini, minmay_misc_feat_secret_circle,
          minmay_quadrilaterals, uniq_menkaure
D:5:      layout_rooms, kiku_gazebo_garden_becter, uniq_pikel,
          uniq_crazy_yiuf_cottage
D:6:      layout_layer_cave, minmay_temple_entry_proselytizer, serial_shops,
          kennysheep_little_box
D:7:      layout_rooms, pdpol_temple_overflow_zin_treasury_gozag_greed,
          basic_altar, serial_shops, shop
D:8:      layout_basic, grunt_lair_entry_orc_guard_hut, serial_shops,
          shop_statue, nicolae_ossuary_entry_false_entrances
D:9:      layout_loops_corners
D:10:     layout_basic
D:11:     layout_basic, basic_altar, serial_shops, bzr_entry_dummy, shop,
          uniq_psyche
D:12:     layout_irregular_city, orc_0_dummy, gauntlet_entry_generic,
          basic_altar
D:13:     layout_cave_pools, enter_trove_6, uniq_rupert, uniq_sonja, uniq_kirke,
          uniq_urug
D:14:     minmay_the_grid_octo_triangle [minmay_the_grid_octo_pinwheel,
          minmay_the_grid_octo_prize_ultimate_mussel_roller,
          minmay_the_grid_octo_fat_diamond], layout_loops_ring, david_vaults_4,
          lemuel_mausoleum_altar_yredelemnul, kennysheep_generic_room_7,
          uniq_agnes, uniq_snorg, uniq_azrael
Temple:   cyrus_circular_temple
Lair:1:   layout_roguey, serial_bayou_shore_a, serial_bayou_shore_b
Lair:2:   layout_cellular_growth, basic_altar
Lair:3:   gammafunk_lair_enchanted_lake, layout_hall_layers,
          elwin_shoals_entry_rocks
Lair:4:   layout_cave_pods, minmay_snake_entry_guardpost_large,
          hellmonk_ghost_happy_afterlife, serial_rivers,
          chequers_serial_rivers_large_a, chequers_serial_rivers_room_a,
          chequers_serial_rivers_micro_b, chequers_serial_rivers_large_b
Lair:5:   layout_gridlike, slime_altar_1, chequers_serial_rivers_room_b,
          zaba_anthole, hibernation_bobbens, lemuel_fruit_fields
Lair:6:   grunt_lair_end_beastmaster, layout_gridlike, lemuel_fruit_fields,
          lemuel_fruit_fields, lemuel_fruit_tree, minmay_lair_oklob_chamber,
          infiniplex_staircase_pool
Snake:1:  layout_grid_maze
Snake:2:  layout_basic, gammafunk_ghost_necromancy, grunt_megastairs_2
Snake:3:  layout_cave_town, hangedman_snake_thin_pillar_pass, uniq_roxanne,
          uniq_donald
Orc:1:    layout_diamond_mine, gammafunk_ghost_stat_death
Orc:2:    grunt_orc_gardens, layout_diamond_mine, grunt_orc_garden,
          grunt_orc_garden, grunt_orc_garden, grunt_orc_garden, basic_altar,
          nicolae_orc_lava_room

Skill      XL: |  1  2  3  4  5  6  7  8  9 10 11 12 13 |
---------------+----------------------------------------+-----
Spellcasting   | 3 4 5 7 8 |  8.0
Summonings     | 5 7 8 9 10 11 15 14 16 | 16.1
Hexes          | 3 7 10 12 | 12.8
Fighting       | 4 7 |  7.0
Air Magic      | 5 7 |  7.0
Dodging        | 6 8 |  8.0
Unarmed Combat | 9 5 8 |  9.0
Stealth        | 4 |  4.5
Translocations | 7 10 | 10.0

Action                   |  1- 3 |  4- 6 |  7- 9 | 10-12 | 13-15 || total
-------------------------+-------+-------+-------+-------+-------++-------
Melee: Unarmed           |     4 |    47 |    46 |   203 |   170 ||   470
       Bite              |       |     4 |     1 |    28 |    17 ||    50
       Punch             |       |       |       |     6 |    11 ||    17
 Cast: Summon Small Mamm |    76 |    43 |    10 |     1 |       ||   130
       Call Imp          |    23 |    60 |    84 |     9 |       ||   176
       Call Canine Famil |       |    21 |    84 |   127 |    46 ||   278
       Summon Guardian G |       |       |    40 |   132 |    55 ||   227
       Summon Lightning  |       |       |     2 |   150 |    45 ||   197
       Summon Forest     |       |       |       |    25 |    17 ||    42
       Summon Mana Viper |       |       |       |    57 |    55 ||   112
Invok: Call Merchant     |       |       |       |     3 |       ||     3
       Potion Petition   |       |       |       |     1 |       ||     1
Evoke: Wand              |       |       |     8 |     8 |     3 ||    19
       Phantom mirror    |       |       |       |       |     1 ||     1
  Use: Scroll            |       |     8 |    15 |    12 |     3 ||    38
       Potion            |       |       |       |     4 |    12 ||    16
 Stab: Sleeping          |     1 |       |     1 |     6 |     3 ||    11
       Distracted        |       |     2 |     1 |     8 |     5 ||    16
       Paralysed         |       |       |       |     2 |       ||     2
       Betrayed ally     |       |       |       |     1 |       ||     1
Armor: Skin              |     1 |     4 |    10 |    30 |    42 ||    87
Dodge: Dodged            |    12 |    41 |    69 |   245 |   222 ||   589
Block: Other             |       |    13 |    19 |    64 |    60 ||   156
       Reflection        |       |       |     2 |     9 |    10 ||    21
